 Dungeon Crawl Stone Soup version 0.22-a0-542-gce4f928 (webtiles) character file.

2633 stealthycow the Cleaver (level 9, -1/80 HPs)
             Began as a Minotaur Berserker on June 24, 2018.
             Was an Elder of Trog.
             Slain by an orc warrior
             ... wielding a +2 halberd of chopping
              (21 damage)
             ... on level 6 of the Dungeon.
             The game lasted 00:10:57 (6119 turns).

stealthycow the Cleaver (Minotaur Berserker)        Turns: 6119, Time: 00:10:57

Health: -1/80      AC: 10    Str: 21    XL:     9   Next: 35%
Magic:  8/8        EV: 15    Int:  4    God:    Trog [****..]
Gold:   271        SH:  0    Dex: 20    Spells: 8/8 levels left

rFire    . . .     SeeInvis .   D - +4 battleaxe (freeze) (curse)
rCold    . . .     Gourm    .   (shield currently unavailable)
rNeg     . . .     Faith    .   a - +0 scale mail
rPois    .         Spirit   .   (helmet restricted)
rElec    .         Reflect  .   (no cloak)
rCorr    .         Harm     .   o - +0 pair of gloves
MR       .....                  w - +0 pair of boots
Stlth    +.........             (no amulet)
HPRegen  0.23/turn              i - +6 ring of dexterity
MPRegen  0.11/turn              n - ring of stealth

@: no status effects
A: retaliatory headbutt, horns 2
a: Berserk, Trog's Hand, Brothers in Arms, Renounce Religion


You were on level 6 of the Dungeon.
You worshipped Trog.
Trog was greatly pleased with you.
You were not hungry.

You visited 1 branch of the dungeon, and saw 6 of its levels.

You collected 271 gold pieces.

Inventory:

Hand Weapons
 q - a +0 whip of venom
 u - the +4 trident of the Depths {venom, +Fly Str+2}
   (You found it on level 5 of the Dungeon)

   It poisons the flesh of those it strikes.
   It affects your strength (+2).
   It lets you fly.
 D - a cursed +4 battleaxe of freezing (weapon)
Missiles
 y - a throwing net (quivered)
Armour
 a - a +0 scale mail (worn)
 o - a +0 pair of gloves (worn)
 w - a +0 pair of boots (worn)
Jewellery
 i - a +6 ring of dexterity (left hand)
 n - a ring of stealth (right hand)
 C - an uncursed ring of resist corrosion {unknown}
Wands
 t - a wand of flame (27)
Scrolls
 b - a scroll of blinking {unknown}
 d - a scroll of magic mapping
 e - 3 scrolls of teleportation
 f - 3 scrolls of identify
 m - a scroll of amnesia
 z - a scroll of immolation {unknown}
 B - 3 scrolls of remove curse
Potions
 g - a potion of mutation {unknown}
 h - 6 potions of might
 j - a potion of degeneration
 k - 3 potions of resistance {unknown}
 l - 3 potions of flight {unknown}
 p - a potion of brilliance {unknown}
 r - a potion of lignification {unknown}
 s - 3 potions of haste
 v - a potion of curing
Comestibles
 c - 4 rations
 x - 9 chunks of flesh


   Skills:
 + Level 7.7 Fighting
 * Level 10.2 Axes
 + Level 7.2 Armour
 + Level 6.6 Dodging


You had 8 spell levels left.
You didn't know any spells.
Your spell library was empty.

Dungeon Overview and Level Annotations

Branches:
Dungeon (6/15)             Temple (0/1) D:4

Altars:
Cheibriados
Dithmenos
Kikubaaqudgha
Qazlal
Ru
Trog
Xom
Yredelemnul


Innate Abilities, Weirdness & Mutations

You reflexively headbutt those who attack you in melee.
You have a pair of horns on your head.


Message History

You kill the orc!
Trog accepts your kill.
The orc warrior hits you from afar with a halberd of chopping!
You closely miss the orc. The orc warrior barely misses you.
The orc hits you but does no damage.
You barely miss the orc.
You kill the orc!
Trog accepts your kill.
The orc warrior hits you from afar with a halberd of chopping!
You barely miss the orc. Your headbutt misses the orc.
The orc completely misses you.
The orc warrior hits you from afar with a halberd of chopping!
The orc closely misses you.
You slice the orc!! You freeze the orc.
You kill the orc!
Trog accepts your kill.
The orc warrior hits you from afar with a halberd of chopping!
* * * LOW HITPOINT WARNING * * *
x2 The orc warrior hits you with a halberd of chopping!!
You die...

.....#####...##....##...#.. ...
.........##_##.....##...#.#####..
..........###.....###...#.#......
..................###...#.#.###.#
.....#####≈≈≈≈≈≈≈≈≈.....#.#....<.
.....# #≈##≈≈≈##≈.####.........
.....# #≈#######≈.# #.........
.....# #≈≈#...#≈≈.# #.........
.....# #≈≈#$.o@...# #.....))..
.....# #≈≈#..[#≈≈## #......)[.
###### #≈#######≈# #......... #≈#
#..(...... ≈≈# #......... ###
#......... ##########


You could see an orc warrior.

Vanquished Creatures
  The ghost of Shayle the Sneak, an amateur NaEn (D:4)
  The ghost of Uniporpoise the Skirmisher, an amateur DsBe of Trog (D:5)
  Menkaure (D:5)
  Edmund (D:6)
  2 ice beasts (D:5)
  A phantom (D:6)
  5 ogres
  Blork the orc (D:4)
  A wyvern zombie (D:6)
  3 killer bees (D:5)
  3 wights (D:6)
  A howler monkey (D:5)
  A crimson imp (D:5)
  A centaur zombie (D:4)
  5 hounds
  A jelly (D:6)
  3 orc priests
  Jessica (D:3)
  3 centaur skeletons (D:4)
  An iguana (D:4)
  2 orc wizards (D:5)
  5 worker ants
  A hound zombie (D:6)
  Robin (D:4)
  2 worker ant zombies
  6 adders
  4 gnolls (D:5)
  2 oozes
  An adder zombie (D:5)
  A worm (D:4)
  2 dart slugs
  4 leopard geckos
  22 orcs
  7 bats
  4 giant cockroaches
  16 goblins
  5 hobgoblins
  3 jackals (D:5)
  3 quokkas
  2 ball pythons
  3 frilled lizards
  A giant cockroach zombie (D:5)
  A jackal skeleton (D:4)
  5 kobolds
  4 rats
144 creatures vanquished.

Notes
Turn   | Place    | Note
-------+----------+-------------------------------------------
     0 | D:1      | stealthycow the Minotaur Berserker began the quest for the Orb.
     0 | D:1      | Reached XP level 1. HP: 19/19 MP: 0/0
   184 | D:1      | Reached XP level 2. HP: 27/27 MP: 1/1
   290 | D:1      | Reached skill level 4 in Axes
   666 | D:2      | Reached XP level 3. HP: 26/33 MP: 2/2
  1540 | D:3      | Reached ** piety under Trog
  1821 | D:3      | Reached XP level 4. HP: 30/40 MP: 3/3
  1972 | D:3      | Noticed Jessica
  1974 | D:3      | Killed Jessica
  2064 | D:3      | Found a sacrificial altar of Ru.
  2066 | D:3      | Reached skill level 5 in Axes
  2068 | D:3      | Noticed an ogre
  2074 | D:3      | Killed an ogre
  2074 | D:3      | Reached XP level 5. HP: 47/47 MP: 4/4
  2278 | D:3      | Reached XP level 6. HP: 17/55 MP: 5/5
  2970 | D:4      | Reached skill level 6 in Axes
  3282 | D:4      | Noticed Robin
  3288 | D:4      | Reached skill level 5 in Fighting
  3290 | D:4      | Killed Robin
  3687 | D:4      | Found a runed gate.
  3688 | D:4      | Found a runed gate.
  3688 | D:4      | Found a runed gate.
  3727 | D:4      | Found a staircase to the Ecumenical Temple.
  3737 | D:4      | Noticed Blork the orc
  3745 | D:4      | Killed Blork the orc
  3745 | D:4      | Reached XP level 7. HP: 54/61 MP: 6/6
  3837 | D:4      | Found a basalt altar of Yredelemnul.
  3841 | D:4      | Reached skill level 7 in Axes
  4200 | D:4      | Noticed Shayle's ghost (amateur NaEn)
  4219 | D:4      | Reached *** piety under Trog
  4219 | D:4      | Reached skill level 5 in Armour
  4220 | D:4      | Killed Shayle's ghost
  4220 | D:4      | Reached skill level 5 in Dodging
  4456 | D:5      | Entered Level 5 of the Dungeon
  4466 | D:5      | Reached XP level 8. HP: 65/70 MP: 7/7
  4469 | D:5      | Reached skill level 8 in Axes
  4620 | D:5      | Found a snail-covered altar of Cheibriados.
  4622 | D:5      | Got an ivory trident
  4624 | D:5      | Identified the +4 trident of the Depths {venom, +Fly Str+2} (You found it on level 5 of the Dungeon)
  4857 | D:5      | Found a shimmering altar of Xom.
  5021 | D:5      | Found an ancient bone altar of Kikubaaqudgha.
  5111 | D:5      | Noticed Menkaure
  5118 | D:5      | Killed Menkaure
  5118 | D:5      | Reached skill level 9 in Axes
  5171 | D:5      | Found a runed door.
  5172 | D:5      | Noticed Uniporpoise's ghost (amateur DsBe)
  5183 | D:5      | Killed Uniporpoise's ghost
  5365 | D:5      | Found a shadowy altar of Dithmenos.
  5716 | D:6      | Noticed Edmund
  5725 | D:6      | Killed Edmund
  5725 | D:6      | Reached XP level 9. HP: 79/79 MP: 8/8
  5779 | D:6      | Reached **** piety under Trog
  5887 | D:6      | Reached skill level 10 in Axes
  6071 | D:6      | Found a stormy altar of Qazlal.
  6078 | D:6      | Found a bloodstained altar of Trog.
  6119 | D:6      | Slain by an orc warrior

Vault maps used:
D:1:      mrwooster_arrival_statue_3, kennysheep_nondescript
D:2:      minmay_misc_feat_cross
D:3:      nicolae_ru_awakened_eye, first_ration, dk_noncrumbling_3,
          kennysheep_jessica_study
D:4:      marbit_many_paths, minmay_temple_entry_nine_rooms,
          gammafunk_ghost_necromancy, uniq_robin, uniq_blork_the_orc
D:5:      cheibriados_altar_1, lemuel_round_altar, basic_altar,
          gammafunk_ghost_grave, nicolae_dithmenos_the_darkroom, uniq_menkaure
D:6:      amethyst_overflow_temple_binary, old_standard_altar,
          lemuel_doored_altar, lightli_minifort, uniq_duvessa, uniq_edmund

Skill      XL: |  1  2  3  4  5  6  7  8  9 |
---------------+----------------------------+-----
Axes           | 4 5 6 7 9 10 | 10.2
Fighting       | 4 5 6 7 |  7.7
Armour         | 3 4 5 6 7 |  7.2
Dodging        | 3 4 5 6 |  6.6

Action                   |  1- 3 |  4- 6 |  7- 9 || total
-------------------------+-------+-------+-------++-------
Melee: Hand axe          |    83 |    25 |       ||   108
       Headbutt          |    13 |    11 |    34 ||    58
       War axe           |       |    47 |   111 ||   158
       Trident           |       |       |    21 ||    21
       Battleaxe         |       |       |    25 ||    25
Invok: Berserk           |     1 |     4 |     7 ||    12
       Trog's Hand       |       |       |     1 ||     1
  Use: Potion            |     4 |       |       ||     4
       Scroll            |       |     5 |     1 ||     6
 Stab: Sleeping          |     1 |       |       ||     1
  Eat: Chunk             |     4 |     9 |     8 ||    21
       Ration            |       |       |     2 ||     2
Armor: Leather armour    |    16 |       |       ||    16
       Ring mail         |    10 |    23 |     5 ||    38
       Scale mail        |       |       |    44 ||    44
Dodge: Dodged            |    39 |    48 |   110 ||   197

Table legend:
 A = Spawn XP
 B = Non-spawn XP
 C = Spawn XP percentage of total XP
 D = Spawn monster count
 E = Non-spawn monster count
 F = Spawn count percentage of total count
 G = Total turns spent on level
                    A         B        C        D         E        F      G
               +---------+---------+-------+---------+---------+-------+---------
         Total |       0 |    3762 |   0.0 |       0 |     144 |   0.0 |  6119
               +---------+---------+-------+---------+---------+-------+---------
           D:1 |       0 |      30 |   0.0 |       0 |      16 |   0.0 |   640
           D:2 |       0 |      36 |   0.0 |       0 |      16 |   0.0 |   853
           D:3 |       0 |     342 |   0.0 |       0 |      24 |   0.0 |  1462
           D:4 |       0 |    1000 |   0.0 |       0 |      30 |   0.0 |  1501
           D:5 |       0 |    1332 |   0.0 |       0 |      34 |   0.0 |  1260
           D:6 |       0 |    1022 |   0.0 |       0 |      24 |   0.0 |   403
               +---------+---------+-------+---------+---------+-------+---------
